 Dungeon Crawl Stone Soup version 0.17.1-1-g73c8601 (webtiles) character file.

2098 Arkorax the Fighter (level 9, -8/85 HPs)
             Began as a Green Draconian Monk on Dec 18, 2015.
             Was an Initiate of Ashenzari.
             Shot with a sling bullet by Joseph (11 damage)
             ... on level 7 of the Dungeon.
             The game lasted 00:10:01 (5912 turns).

Arkorax the Fighter (Green Draconian Monk)          Turns: 5912, Time: 00:10:02

Health: -8/85      AC:  9    Str: 14    XL:     9   Next: 7%
Magic:  9/9        EV: 13    Int: 11    God:    Ashenzari [......]
Gold:   271        SH:  0    Dex: 16    Spells: 1 memorised, 3 levels left

rFire  . . .     SeeInvis .       - Unarmed
rCold  . . .     Clarity  .     (armour unavailable)
rNeg   . . .     SustAt   .     (no shield)
rPois  +         Gourm    .     (helmet restricted)
rElec  .         Spirit   .     C - +0 cloak
rCorr  .         Warding  .     k - +0 pair of gloves (curse)
rMut   .         Stasis   .     (no boots)
MR     .....                    (no amulet)
Stlth  ++........               (no ring)
                                (no ring)

@: short of breath, very slightly contaminated, hasted, very quick, not
resistant to hostile enchantments, unstealthy
A: breathe noxious fumes, unfitting armour, poison resistance, cold-blooded, AC
+7
a: Breathe Noxious Fumes, Renounce Religion


You were on level 7 of the Dungeon.
You worshipped Ashenzari.
Ashenzari was noncommittal.
You were not hungry.

You visited 2 branches of the dungeon, and saw 8 of its levels.

You collected 271 gold pieces.

Inventory:

Armour
 k - a cursed +0 pair of gloves (worn)
 C - a +0 cloak (worn)
Magical Staves
 a - an uncursed staff of earth
Jewellery
 o - an uncursed ring of ice
 s - an uncursed ring of ice
 x - an uncursed ring of fire
Scrolls
 e - 9 scrolls of identify {unknown}
 f - 3 scrolls of amnesia {unknown}
 g - 2 scrolls of enchant armour {unknown}
 q - a scroll of noise {unknown}
 t - 2 scrolls of immolation {unknown}
 v - 2 scrolls of curse weapon
 w - 2 scrolls of remove curse
Potions
 b - 2 potions of curing
 c - 3 potions of flight
 h - a potion of cure mutation {unknown}
 i - a potion of degeneration {unknown}
 l - a potion of cancellation
 m - a potion of brilliance
 n - a potion of lignification {unknown}
 z - a potion of mutation {unknown}
Books
 p - a book of Frost

   Spells                             Type                      Level
   a - Freeze                         Ice                          1
   b - Throw Frost                    Conjuration/Ice              2
   c - Ozocubu's Armour               Charms/Ice                   3
   d - Throw Icicle                   Conjuration/Ice              4
   e - Summon Ice Beast               Ice/Summoning                4
   f - Condensation Shield            Ice                          4
 y - a book of Changes

   Spells                             Type                      Level
   a - Beastly Appendage              Transmutation                1
   b - Sticks to Snakes               Transmutation                2
   c - Spider Form                    Transmutation/Poison         3
   d - Ice Form                       Ice/Transmutation            4
   e - Blade Hands                    Transmutation                5
 D - a book of Enchantments

   Spells                             Type                      Level
   a - Cause Fear                     Hexes                        4
   b - Silence                        Hexes/Air                    5
   c - Deflect Missiles               Charms/Air                   6
   d - Haste                          Charms                       6
   e - Discord                        Hexes                        8
Comestibles
 j - 4 slices of pizza
 r - 5 fruits
 u - a royal jelly
 A - 2 meat rations


   Skills:
 + Level 9.9 Fighting
 - Level 2.6 Dodging
 - Level 1.7 Stealth
 + Level 9.3 Unarmed Combat


You had 3 spell levels left.
You knew the following spells:

 Your Spells              Type           Power        Failure   Level  Hunger
a - Blade Hands           Trmt           #.........   100%        5    ######.


Dungeon Overview and Level Annotations

Branches:
Dungeon (7/15)             Temple (1/1) D:4

Altars:
Ashenzari
Cheibriados
Dithmenos
Elyvilon
Fedhas
Gozag
Kikubaaqudgha
Makhleb
Nemelex Xobeh
Okawaru
Qazlal
Ru
Sif Muna
Trog
Xom
Yredelemnul
Zin
The Shining One

Annotations:
D:7 Duvessa; Joseph; Timinator's ghost, novice TrMo


Innate Abilities, Weirdness & Mutations

You can breathe blasts of noxious fumes.
Your lurid green scales are hard (AC +7).
Your body does not fit into most forms of armour.
Your system is resistant to poisons.
You are cold-blooded and may be slowed by cold attacks.


Message History

You feel magically purged.
You feel a little less clever now.
Duvessa is no longer berserk.
Drink which item? (? for menu, Esc to quit)
It was a potion of haste.
You feel yourself speed up.
You float gracefully downwards.
Joseph hits you with an uncursed quarterstaff.
* * * LOW HITPOINT WARNING * * *
You are very lightly contaminated with residual magic.
Drink which item? (? for menu, Esc to quit)
Okay, then.
Read which item? (? for menu, Esc to quit)
Blink to where?
Press: ? - help, Dir - move target cursor
As you read the scroll labeled OPOG NUAFUCKA, it crumbles to dust.
It was a scroll of blinking.
Joseph unwields an uncursed quarterstaff.
Joseph wields an uncursed hunting sling.
Joseph shoots a sling bullet.
The sling bullet hits you!
You die...

#.......e(#
#..#.####ยง#
#..#.# #@#
....#.# #.#
.......# #.#
#### ### #.#
##.## ##..)##
#.@...#
...............
######.....####
##...## ##.##
#.# #.# # .# .


You could see Joseph.

Vanquished Creatures
  Pikel (D:6)
  Grinder (D:6)
  Menkaure (D:4)
  An orc warrior (D:6)
  A necrophage (D:7)
  2 ogres
  A phantom (D:5)
  3 slaves (D:6)
  Dowan (D:7)
  4 killer bees (D:7)
  A crimson imp (D:5)
  A giant frog zombie (D:5)
  A hound (D:6)
  An orc priest (D:6)
  4 orc wizards
  2 quasits (D:6)
  2 worker ants
  A gnoll shaman (D:6)
  A giant frog skeleton (D:4)
  A hound zombie (D:5)
  A hound skeleton (D:5)
  13 adders
  4 gnolls (D:6)
  2 oozes
  An adder zombie (D:5)
  4 worms
  6 giant geckos
  16 orcs
  3 giant cockroaches
  6 goblins
  7 hobgoblins
  6 jackals
  3 quokkas (D:3)
  A ball python (D:3)
  5 bats
  A giant gecko skeleton (D:6)
  5 giant newts
  3 kobolds (D:1)
  11 rats
129 creatures vanquished.

Vanquished Creatures (others)
  A killer bee (D:7)
  2 gnolls (D:6)
3 creatures vanquished.

Grand Total: 132 creatures vanquished

Notes
Turn   | Place    | Note
--------------------------------------------------------------
     0 | D:1      | Arkorax the Draconian Monk began the quest for the Orb.
     0 | D:1      | Reached XP level 1. HP: 19/19 MP: 1/1
   107 | D:1      | Reached XP level 2. HP: 24/27 MP: 2/2
   943 | D:2      | Reached XP level 3. HP: 14/33 MP: 3/3
  1528 | D:2      | Found a deep blue altar of Sif Muna.
  1610 | D:2      | Reached XP level 4. HP: 36/41 MP: 4/4
  1863 | D:3      | Found a basalt altar of Yredelemnul.
  2150 | D:3      | Reached skill level 5 in Fighting
  2245 | D:3      | Reached skill level 5 in Unarmed Combat
  2364 | D:3      | Reached XP level 5. HP: 35/48 MP: 5/5
  2742 | D:4      | Found a white marble altar of Elyvilon.
  2873 | D:4      | Found a staircase to the Ecumenical Temple.
  2890 | D:4      | Noticed Menkaure
  2915 | D:4      | Killed Menkaure
  2915 | D:4      | Reached skill level 6 in Fighting
  2915 | D:4      | Reached XP level 6. HP: 9/57 MP: 6/6
  3631 | Temple   | Entered the Ecumenical Temple
  3643 | Temple   | Became a worshipper of Ru the Awakened
  3664 | Temple   | Fell from the grace of Ru
  3664 | Temple   | Became a worshipper of Ashenzari the Shackled
  3707 | D:5      | Entered Level 5 of the Dungeon
  3787 | D:5      | Found a shadowy altar of Dithmenos.
  3828 | D:5      | Your scales start taking on a lurid green colour.
  3828 | D:5      | Gained mutation: Your system is resistant to poisons. [Green Draconian growth]
  3828 | D:5      | Reached XP level 7. HP: 41/64 MP: 7/7
  3954 | D:5      | Reached skill level 7 in Fighting
  4012 | D:5      | Found a sparkling altar of Nemelex Xobeh.
  4110 | D:5      | Learned a level 5 spell: Blade Hands
  4681 | D:6      | Reached skill level 8 in Fighting
  4681 | D:6      | Reached XP level 8. HP: 45/74 MP: 8/8
  4760 | D:6      | Noticed Pikel
  4817 | D:6      | Killed Pikel
  4817 | D:6      | Reached skill level 9 in Fighting
  5035 | D:6      | Noticed Grinder
  5053 | D:6      | Killed Grinder
  5595 | D:7      | Found a snail-covered altar of Cheibriados.
  5734 | D:7      | Noticed Timinator's ghost (novice TrMo)
  5848 | D:7      | Reached XP level 9. HP: 73/83 MP: 9/9
  5849 | D:7      | Found a burning altar of Makhleb.
  5866 | D:7      | Noticed Joseph
  5869 | D:7      | Noticed Dowan
  5870 | D:7      | Noticed Duvessa
  5883 | D:7      | Killed Dowan
  5911 | D:7      | HP: 3/85 [Joseph/uncursed quarterstaff (3)]
  5912 | D:7      | Shot with a sling bullet by Joseph

Action                   |  1- 3 |  4- 6 |  7- 9 || total
-------------------------+-------+-------+-------++-------
Melee: Unarmed           |   110 |   240 |   228 ||   578
 Abil: Breathe Noxious F |       |       |     8 ||     8
  Use: Scroll            |       |       |     2 ||     2
       Potion            |       |       |     5 ||     5
 Stab: Sleeping          |     4 |     5 |     1 ||    10
       Distracted        |     1 |       |       ||     1
       Confused          |       |       |    11 ||    11
  Eat: Bread ration      |     1 |     1 |     2 ||     4
       Chunk             |       |     1 |     1 ||     2
